 Dungeon Crawl Stone Soup version 0.28-b1-25-g9875b3fc8c (webtiles) character file.

Game seed: 11985478806337021412

1891 fragbeetle the Grappler (level 9, -7/75 HPs)
             Began as a Ghoul Gladiator on Feb 2, 2022.
             Was a Follower of Yredelemnul.
             Mangled by a white ugly thing (16 damage)
             ... on level 6 of the Dungeon.
             The game lasted 00:10:43 (4653 turns).

fragbeetle the Grappler (Ghoul Gladiator)           Turns: 4653, Time: 00:10:43

Health: -7/75      AC: 11    Str: 20    XL:     9   Next: 15%
Magic:  12/12      EV: 12    Int:  5    God:    Yredelemnul [*.....]
Gold:   297        SH:  0    Dex: 12    Spells: 8/8 levels left

rFire   . . .      SeeInvis +     - Unarmed
rCold   + . .      Faith    .   (no shield)
rNeg    + + +      Spirit   .   l - +2 leather armour of Qazlal's Anger {Dex+2 Slay+2 SInv}
rPois   ∞          Reflect  .   b - +0 helmet
rElec   .          Harm     .   (no cloak)
rCorr   .          Rampage  .   (no gloves)
Will    .....                   g - +0 pair of boots
Stlth   +.........              (no amulet)
HPRegen 0.00/turn               v - +4 ring of protection
MPRegen 0.13/turn               (no ring)

@: inhibited regen
A: claws 1, cold resistance 1, negative energy resistance 3, inhibited
regeneration, torment resistance 2
a: Renounce Religion, Recall Undead Harvest


You were on level 6 of the Dungeon.
You worshipped Yredelemnul.
Yredelemnul was noncommittal.
You visited 2 branches of the dungeon, and saw 7 of its levels.

You collected 297 gold pieces.

Inventory:

Hand Weapons
 w - a +2 hunting sling of flaming
Missiles
 c - 4 throwing nets
 d - 151 stones
 h - 2 javelins
 i - 8 boomerangs (quivered)
 j - a curare-tipped dart
 r - 43 sling bullets
Armour
 b - a +0 helmet (worn)
 g - a +0 pair of boots (worn)
 l - the +2 leather armour of Qazlal's Anger (worn) {Dex+2 Slay+2 SInv}
   (You found it on level 2 of the Dungeon)

   Dex:       It affects your dexterity (+2).
   Slay:      It affects your accuracy & damage with ranged weapons and melee
   (+2).
   SInv:      It lets you see invisible.
Jewellery
 v - a +4 ring of protection (left claw)
Scrolls
 e - a scroll of enchant weapon {unknown}
 f - a scroll of identify {unknown}
 k - 4 scrolls of noise {unknown}
 p - a scroll of holy word {unknown}
 x - 3 scrolls of teleportation {unknown}
 y - a scroll of blinking {unknown}
Potions
 a - a potion of attraction {unknown}
 m - 4 potions of curing {unknown}
 n - 2 potions of berserk rage {unknown}
 o - a potion of brilliance {unknown}
 q - 3 potions of might {unknown}
 s - a potion of cancellation {unknown}
 t - 2 potions of mutation {unknown}
 u - 2 potions of heal wounds {unknown}


   Skills:
 + Level 6.0 Fighting
 - Level 2.0 Throwing
 + Level 4.0 Armour
 - Level 3.0 Dodging
 * Level 8.9 Unarmed Combat
 * Level 5.4 Invocations


You had 8 spell levels left.
You didn't know any spells.
Your spell library contained the following spells:

 Spells                   Type           Power      Damage    Failure   Level
 Dazzling Flash           Conj/Hex       0%         N/A       88%         3
 Agony                    Necr           0%         N/A       100%        5
 Silence                  Hex/Air        0%         N/A       100%        5


Dungeon Overview and Level Annotations

Branches:
Dungeon (6/15)             Temple (1/1) D:4

Altars:
Ashenzari
Cheibriados
Elyvilon
Fedhas
Gozag
Kikubaaqudgha
Makhleb
Okawaru
Ru
Sif Muna
Uskayaw
Vehumet
Yredelemnul
The Shining One


Innate Abilities, Weirdness & Mutations

You thrive by killing the living.
You are immune to poison.
You have sharp fingernails.
Your flesh is cold resistant. (rC+)
You are immune to negative energy. (rN+++)
You do not regenerate when monsters are visible.
You are immune to unholy pain and torment.


Message History

The white ugly thing barely misses you.
Your orc wizard zombie closely misses the orc wizard.
Your centaur zombie hits the orc wizard but does no damage.
Your centaur zombie kicks the orc wizard but does no damage.
The orc wizard hits your orc wizard zombie with a +1 dagger of flaming.
The orc wizard burns your orc wizard zombie.
Your orc wizard zombie closely misses the orc wizard.
You closely miss the white ugly thing.
The white ugly thing is heavily wounded.
The gnoll hits your orc wizard zombie with a +0 whip!
Your orc wizard zombie is destroyed!
The white ugly thing gores you. The white ugly thing freezes you! You resist.
* * * LOW HITPOINT WARNING * * *
Your centaur zombie barely misses the orc wizard.
Your centaur zombie misses the orc wizard.
You scratch the white ugly thing.
The white ugly thing is severely wounded.
The gnoll hits your centaur zombie with a +0 whip!
Your centaur zombie hits the orc wizard but does no damage.
Your centaur zombie barely misses the orc wizard.
The white ugly thing gores you but does no damage.
Unknown command.
You scratch the white ugly thing.
The white ugly thing is severely wounded.
The orc priest zombie hits your orc wizard zombie.
Your centaur zombie misses the orc wizard.
Your centaur zombie kicks the orc wizard.
The white ugly thing misses you.
Your orc wizard zombie hits the gnoll.
Unknown command.
You claw the white ugly thing!
The white ugly thing is almost dead.
Your centaur zombie misses the orc wizard.
Your centaur zombie completely misses the orc wizard.
The orc wizard misses you.
The orc priest zombie hits your orc wizard zombie.
The white ugly thing gores you!
* * * LOW HITPOINT WARNING * * *
The white ugly thing freezes you! You resist.
You die...
Yredelemnul claims you as an undead slave.

######.(.
#....#..#
#.##.#..#
####.##.#..####..#
#.....Z.)Z.....>.#
#.......#Z.####.#
#.......#gZ#
#.......#uo#
#.......#@.#
#................
#........#.......
#<####........#..
#.# #.##.###.# .
#.# #.# .# .# #.#
#.##.# # #.# #.#


You could see a white ugly thing (poisoned), an orc wizard (ally target), a
gnoll, an orc priest zombie (ally target), a friendly orc wizard zombie and a
friendly centaur zombie.

Vanquished Creatures
  3 water moccasins
  An ice beast (D:5)
  5 ogres
  3 centaurs
  A scorpion (D:5)
  A bullfrog zombie (D:3)
  An orc priest (D:6)
  A hound (D:5)
  3 iguanas
  6 orc wizards
  Natasha (thrice) (D:3)
  A hound zombie (D:5)
  A howler monkey zombie (D:6)
  A gnoll (D:6)
  6 adders
  3 worms
  A dart slug (D:3)
  15 orcs
  5 bats
  5 endoplasms
  A giant cockroach (D:1)
  13 goblins
  3 hobgoblins
  8 jackals
  6 kobolds
  6 quokkas
  7 ball pythons
  A frilled lizard (D:2)
  12 rats
123 creatures vanquished.

Vanquished Creatures (collateral kills)
  An ogre (D:5)
  A bullfrog skeleton (D:5)
  2 iguanas (D:5)
4 creatures vanquished.

Vanquished Creatures (others)
  A water moccasin zombie (D:5)
  An orc zombie (D:6)
  A gnoll zombie (D:6)
3 creatures vanquished.

Grand Total: 130 creatures vanquished

Notes
Turn   | Place    | Note
-------+----------+-------------------------------------------
     0 | D:1      | fragbeetle the Ghoul Gladiator began the quest for the Orb.
     0 | D:1      | Reached XP level 1. HP: 17/17 MP: 0/0
   322 | D:1      | Reached XP level 2. HP: 25/25 MP: 1/1
   899 | D:2      | Reached XP level 3. HP: 28/30 MP: 2/2
   951 | D:2      | Reached skill level 4 in Unarmed Combat
  1099 | D:2      | Reached XP level 4. HP: 32/37 MP: 3/3
  1182 | D:2      | Identified the +2 leather armour of Qazlal's Anger {Dex+2
                  | Slay+2 SInv}
  1784 | D:2      | Found a faded altar of an unknown god.
  1927 | D:3      | Reached skill level 5 in Unarmed Combat
  2089 | D:3      | Reached XP level 5. HP: 42/45 MP: 4/4
  2225 | D:3      | Noticed Natasha
  2232 | D:3      | Killed Natasha
  2233 | D:3      | Reached skill level 1 in Armour
  2399 | D:3      | Noticed Natasha
  2402 | D:3      | Killed Natasha
  2543 | D:3      | Noticed Natasha
  2551 | D:3      | Killed Natasha
  2552 | D:3      | Reached XP level 6. HP: 43/52 MP: 5/5
  2676 | D:4      | Reached skill level 6 in Unarmed Combat
  2822 | D:4      | Found a staircase to the Ecumenical Temple.
  2845 | D:4      | Reached XP level 7. HP: 56/60 MP: 6/6
  2920 | Temple   | Entered the Ecumenical Temple
  2992 | Temple   | Became a worshipper of Yredelemnul the Dark
  3122 | D:4      | Reached skill level 7 in Unarmed Combat
  3122 | D:4      | Reached skill level 1 in Invocations
  3136 | D:4      | Reached * piety under Yredelemnul
  3422 | D:5      | Entered Level 5 of the Dungeon
  3542 | D:5      | Reached skill level 5 in Fighting
  3562 | D:5      | Reached XP level 8. HP: 54/68 MP: 7/9
  3641 | D:5      | Reached ** piety under Yredelemnul
  4012 | D:5      | Reached skill level 8 in Unarmed Combat
  4511 | D:6      | Reached skill level 5 in Invocations
  4511 | D:6      | Reached XP level 9. HP: 75/75 MP: 11/11
  4633 | D:6      | Noticed a white ugly thing
  4653 | D:6      | Mangled by a white ugly thing

Illustrated notes

Levels and vault maps discovered:
D:1:      evilmike_arrival_fibonacci_small, layout_basic
D:2:      layout_loops_corners, dreamdust_ecumenical_altar_hidden_monk_grotto
D:3:      layout_basic, uniq_natasha
D:4:      layout_basic, mainiacjoe_overflow_surrounded_room,
          minmay_temple_entry_tees, minmay_ogre_servants
D:5:      layout_basic, nrook_mini_backslash
D:6:      layout_loops_ring, nzn_wu_jian_contemplation, minmay_manual_mail
Temple:   nicolae_temple_god_jail

Skill      XL: |  1  2  3  4  5  6  7  8  9 |
---------------+----------------------------+-----
Throwing       | 2 |  2.0
Dodging        | 3 |  3.0
Unarmed Combat | 4 5 6 7 8 |  8.9
Fighting       | 3 4 5 6 |  6.0
Armour         | 1 2 3 4 |  4.0
Invocations    | 2 5 |  5.4

Action                   |  1- 3 |  4- 6 |  7- 9 || total
-------------------------+-------+-------+-------++-------
Melee: Unarmed           |    92 |    94 |   161 ||   347
       Punch             |       |     2 |     9 ||    11
Throw: Boomerang         |     2 |    14 |     4 ||    20
       Dart              |       |     1 |     1 ||     2
Invok: Recall Undead Har |       |       |     2 ||     2
       Dark Bargain      |       |       |     1 ||     1
 Stab: Sleeping          |       |       |     1 ||     1
Armor: Leather armour    |    10 |    21 |    60 ||    91
       Scale mail        |    22 |       |       ||    22
Dodge: Dodged            |    52 |    43 |    82 ||   177
